 Dungeon Crawl Stone Soup version 0.32-a0-422-g28b100f (webtiles) character file.

Game seed: 17918962712557978227

3011 Nithhogg the Struggler (level 9, -15/79 HPs)
             Began as a Mountain Dwarf Fighter on Feb 21, 2024.
             Was an Initiate of Okawaru.
             Demolished by a two-headed ogre
             ... wielding a +0 giant club
              (17 damage)
             ... on level 7 of the Dungeon.
             The game lasted 00:10:13 (7063 turns).

Nithhogg the Struggler (Mountain Dwarf Fighter)     Turns: 7063, Time: 00:10:14

Health: -15/79     AC:  7    Str: 24    XL:     9   Next: 55%
Magic:  14/14      EV: 11    Int:  8    God:    Okawaru [......]
Gold:   207        SH:  9    Dex:  9    Spells: 8/8 levels left

rFire   . . .        g - +1 mace (venom)
rCold   . . .        c - +0 buckler
rNeg    + . .        b - +0 scale mail
rPois   .            (no helmet)
rElec   .            (no cloak)
rCorr   .            (no gloves)
SInv    +            (no boots)
Will    .....        e - amulet of reflection Stlth
                     p - ring of positive energy
HPRegen 0.33/turn    o - ring of see invisible
MPRegen 0.14/turn

%: reflection
@: no status effects
A: runic magic, artefact enchanting
a: Renounce Religion


You were on level 7 of the Dungeon.
You worshipped Okawaru.
Okawaru was noncommittal.
You visited 2 branches of the dungeon, and saw 8 of its levels.
You also visited: Ossuary.

You collected 207 gold pieces.

Inventory:

Hand Weapons
 a - a +0 war axe
 f - a +1 mace of holy wrath
 g - a +1 mace of venom (weapon)
 h - a +2 whip of flaming
Missiles
 d - 2 throwing nets
 l - 21 poisoned darts (quivered)
 x - 6 darts of dispersal
Armour
 b - a +0 scale mail (worn)
 c - a +0 buckler (worn)
Jewellery
 e - an amulet of reflection (around neck)
 m - a +6 ring of intelligence
 o - a ring of see invisible (right hand)
 p - a ring of positive energy (left hand)
Scrolls
 i - 8 scrolls of teleportation
 y - 4 scrolls of identify
 z - a scroll of blinking {unknown}
 A - a scroll of silence {unknown}
 B - 2 scrolls of acquirement {unknown}
Potions
 j - a potion of magic
 k - a potion of haste
 n - 3 potions of heal wounds
 q - 2 potions of enlightenment {unknown}
 r - 2 potions of curing {unknown}
 s - a potion of attraction {unknown}
 t - 2 potions of mutation {unknown}
 u - 2 potions of berserk rage {unknown}
 v - a potion of degeneration {unknown}
 w - 2 potions of brilliance {unknown}
 C - a potion of ambrosia {unknown}


   Skills:
 + Level 7.3 Fighting
 + Level 7.5 Axes
 + Level 7.3 Armour
 + Level 4.3 Dodging
 - Level 3.2 Shields
 + Level 7.7 Invocations


You had 8 spell levels left.
You didn't know any spells.
Your spell library contained the following spells:

 Spells                   Type           Power      Damage    Failure   Level
 Blink                    Tloc           0%         N/A       67%         2
 Lesser Beckoning         Tloc           0%         N/A       67%         2
 Momentum Strike          Conj/Tloc      0%         3d8       67%         2
 Gell's Gravitas          Tloc           0%         N/A       88%         3
 Teleport Other           Tloc           0%         N/A       88%         3


Dungeon Overview and Level Annotations

Branches:
Dungeon (7/15)             Temple (1/1) D:6         Ossuary (visited)

Altars:
Ashenzari
Cheibriados
Dithmenos
Elyvilon
Fedhas
Gozag
Hepliaklqana
Makhleb
Nemelex Xobeh
Okawaru
Qazlal
Ru
Sif Muna
Uskayaw
Vehumet
Xom
Yredelemnul
Zin


Innate Abilities, Weirdness & Mutations

Your spellcasting is much less encumbered by armour.
You can use scrolls of enchantment on lesser artefacts.


Message History

The bullfrog hits you.
You closely miss the bullfrog. You block the bullfrog's attack.
You hit the bullfrog.
The bullfrog is poisoned.
The bullfrog is lightly wounded.
The bullfrog hits you. The bullfrog hits you!
You hit the bullfrog.
The bullfrog looks as sick as possible!
The bullfrog is moderately wounded.
The bullfrog barely misses you. You block the bullfrog's attack.
You sock the bullfrog!
The bullfrog looks as sick as possible!
The bullfrog is almost dead.
You kill the bullfrog!
Okawaru accepts your kill.
No target in view!
No target in view!
No target in view!
No target in view!
No target in view!
No target in view!
No target in view!
HP restored.
Found a stone staircase leading down.
Found a stone staircase leading down.
A two-headed ogre comes into view. It is wielding two +0 giant clubs.
You hit the two-headed ogre.
The two-headed ogre is poisoned.
The two-headed ogre is lightly wounded.
The two-headed ogre hits you with a +0 giant club!!
The two-headed ogre hits you with a +0 giant club!
You hit the two-headed ogre.
The two-headed ogre looks as sick as possible!
The two-headed ogre is lightly wounded.
You sock the two-headed ogre!
The two-headed ogre is moderately wounded.
The two-headed ogre hits you with a +0 giant club! x2
You hit the two-headed ogre.
The two-headed ogre looks as sick as possible!
The two-headed ogre is heavily wounded.
The two-headed ogre hits you with a +0 giant club!!
* * * LOW HITPOINT WARNING * * *
The two-headed ogre hits you with a +0 giant club!
You die...

.# O# .### >..
.########.##
...........#
####...##.#
###....O###
#.^..⌠.@..###
.............#
.>...###...<.#
...## ###†..#
### #####


You could see a two-headed ogre (extremely poisoned).

Vanquished Creatures
  Pikel (D:4)
  Eustachio (D:5)
  2 black bears
  2 ogres
  4 lemures (D:4)
  2 phantoms
  A weeping skull (Ossuary)
  3 bullfrogs
  2 gnoll sergeants
  3 scorpions
  6 water moccasin zombies (Ossuary)
  A howler monkey (D:5)
  A bombardier beetle (D:5)
  4 orc priests
  2 hounds
  2 iguanas (D:5)
  2 sleepcaps
  Terence (D:1)
  An orc wizard (D:4)
  2 bullfrog simulacra (Ossuary)
  2 mummies (Ossuary)
  Robin (D:4)
  19 gnolls
  15 adders
  4 ufetubi
  4 adder zombies (Ossuary)
  A dart slug (D:4)
  A ribbon worm (D:2)
  10 orcs
  5 endoplasms
  3 giant cockroaches
  5 gnoll zombies (Ossuary)
  15 goblins
  7 hobgoblins
  7 kobolds
  5 quokkas
  4 ball pythons
  5 bats
  2 frilled lizards
  5 jackal zombies (Ossuary)
  5 orc zombies (Ossuary)
  4 rats
172 creatures vanquished.

Notes
Turn   | Place    | Note
-------+----------+-------------------------------------------
     0 | D:1      | Nithhogg the Mountain Dwarf Fighter began the quest for the
                  | Orb.
     0 | D:1      | Reached XP level 1. HP: 19/19 MP: 1/1
   144 | D:1      | Reached XP level 2. HP: 26/26 MP: 2/2
   171 | D:1      | Reached skill level 1 in Invocations
   424 | D:1      | Reached XP level 3. HP: 23/31 MP: 2/4
   732 | D:2      | Noticed Terence
   744 | D:1      | Killed Terence
   789 | D:1      | Reached skill level 1 in Dodging
   789 | D:1      | Reached XP level 4. HP: 22/40 MP: 5/5
  1410 | D:3      | Noticed a +0 dagger
  1410 | D:3      | Noticed a +0 hand axe
  1414 | D:3      | Found a hide-covered altar of Uskayaw.
  1791 | D:3      | Found a faded altar of an unknown god.
  2005 | D:3      | Reached XP level 5. HP: 46/46 MP: 6/6
  2132 | D:4      | Found a glowing drain.
  2215 | D:4      | Found a sand-covered staircase.
  2221 | Ossuary  | Entered an ossuary
  2249 | Ossuary  | Reached XP level 6. HP: 45/53 MP: 8/8
  2475 | Ossuary  | Reached XP level 7. HP: 51/60 MP: 8/10
  2495 | Ossuary  | Reached skill level 5 in Fighting
  2495 | Ossuary  | Reached skill level 5 in Armour
  2878 | D:4      | Reached skill level 5 in Axes
  3502 | D:4      | Reached skill level 5 in Invocations
  3576 | D:4      | Reached XP level 8. HP: 65/69 MP: 11/11
  3755 | D:4      | Noticed Pikel
  3794 | D:4      | Killed Pikel
  4312 | D:4      | Noticed Robin
  4355 | D:4      | Killed Robin
  4609 | D:5      | Entered Level 5 of the Dungeon
  4756 | D:5      | Noticed Eustachio
  4771 | D:5      | Killed Eustachio
  5164 | D:5      | Reached XP level 9. HP: 63/78 MP: 12/14
  5588 | D:5      | Found a basalt altar of Yredelemnul.
  5593 | D:5      | Found a shimmering blue altar of Sif Muna.
  5594 | D:5      | Found a radiant altar of Vehumet.
  5594 | D:5      | Found a shadowy altar of Dithmenos.
  6513 | D:6      | Found a staircase to the Ecumenical Temple.
  6522 | Temple   | Entered the Ecumenical Temple
  6531 | Temple   | Became a worshipper of Warmaster Okawaru
  7053 | D:7      | Noticed a two-headed ogre
  7063 | D:7      | HP: 2/79 [two-headed ogre/+0 giant club (25)]
  7063 | D:7      | Demolished by a two-headed ogre

Illustrated notes

Levels and vault maps discovered:
D:1:      psy_arrival_basics, layout_basic, serial_glass, glass_columns_a,
          glass_columns_a
D:2:      layout_rooms, amethyst_killhole, minmay_misc_feat_roman,
          eino_tiny_chamber, uniq_terence
D:3:      layout_loops_cross, dancing_weapons_uskayaw,
          shapermc_ecumenical_altar_hornbeckon
D:4:      layout_loops_corners, nicolae_ossuary_entry_plus,
          gup_sewer_entry_glass, grunt_decor_fettered, uniq_robin, uniq_pikel
D:5:      layout_cave_pods, grunt_temple_overflow_open, minmay_statues_item,
          uniq_eustachio
D:6:      layout_rooms, minmay_temple_entry_proselytizer,
          hangedman_decor_slide_cut, nicolae_titane
D:7:      layout_basic, lemuel_doored_altar, lemuel_coloured_pillars_altar,
          grunt_ministairs_12
Temple:   compressed_dpeg_triangle_lava_temple

Skill      XL: |  1  2  3  4  5  6  7  8  9 |
---------------+----------------------------+-----
Invocations    | 1 2 3 4 5 6 7 |  7.7
Axes           | 3 4 5 6 7 |  7.5
Dodging        | 1 2 3 4 |  4.3
Armour         | 4 5 6 7 |  7.3
Fighting       | 4 5 6 7 |  7.3
Shields        | |  3.2

Action                     |  1- 3 |  4- 6 |  7- 9 || total
---------------------------+-------+-------+-------++-------
  Melee: War axe           |    61 |   200 |    87 ||   348
         Mace              |       |       |   356 ||   356
         Whip              |       |       |    34 ||    34
    Use: Scroll            |       |     1 |     7 ||     8
         Potion            |       |     1 |     3 ||     4
   Stab: Invisible         |       |       |     3 ||     3
 Armour: Scale mail        |    45 |   100 |   381 ||   526
  Dodge: Dodged            |    36 |    72 |   244 ||   352
  Block: Buckler           |    30 |    90 |   287 ||   407
         Reflection        |       |     1 |     1 ||     2

Table legend: (Time is in decaauts)
 A = Elapsed time spent in this place.
 B = Non-inter-level travel time spent in this place.
 C = Inter-level travel time spent in this place.
 D = Time resting spent in this place.
 E = Time spent auto-exploring this place.
 F = Levels seen in this place.
 G = Mean time per level.
                   A        B        C        D        E       F      G
               +--------+--------+--------+--------+--------+-----+--------+
         Total |   7245 |   7061 |    184 |    514 |   4983 |   9 |  805.0 |
       Dungeon |   6576 |   6400 |    176 |    358 |   4736 |   7 |  939.4 |
        Temple |     18 |     10 |      8 |      0 |      0 |   1 |   18.0 |
       Ossuary |    650 |    650 |      0 |    156 |    247 |   1 |  650.0 |
               +--------+--------+--------+--------+--------+-----+--------+

Top non-repeatable levels by time:
     D:4: 1919 daAuts
     D:5: 1368 daAuts
     D:6: 1025 daAuts
     D:1: 878 daAuts
     D:3: 732 daAuts
 Ossuary: 650 daAuts
     D:2: 569 daAuts
     D:7: 82 daAuts
  Temple: 18 daAuts
